 Dungeon Crawl Stone Soup version 0.25-a0-316-gd28d56f9c5 (webtiles) character file.

Game seed: 1810523488219379929, levelgen mode: deterministic

711 P0NYSLAYSTATION the Poker (level 7, 0/61 HPs)
             Began as a Hill Orc Fighter on Dec 25, 2019.
             Succumbed to a killer bee's poison
             ... on level 7 of the Dungeon.
             The game lasted 00:15:19 (2917 turns).

P0NYSLAYSTATION the Poker (Hill Orc Fighter)        Turns: 2917, Time: 00:15:20

Health: 0/61       AC:  8    Str: 20 (21) XL:     7   Next: 68%
Magic:  7/7        EV:  8    Int: 12 (13) God:
Gold:   153        SH: 11    Dex:  9 (10) Spells: 6/6 levels left

rFire    + . .     SeeInvis .   a - +0 trident
rCold    + . .     Gourm    .   c - +1 shield
rNeg     . . .     Faith    .   b - +0 scale mail
rPois    +         Spirit   .   l - +0 helmet
rElec    +         Reflect  .   (no cloak)
rCorr    +         Harm     .   (no gloves)
MR       .....                  (no boots)
Stlth    ..........             (no amulet)
HPRegen  0.20/turn              (no ring)
MPRegen  0.10/turn              (no ring)

@: brilliant, lethally poisoned (0 -> -3), resistant, berserk cooldown, flying
(expiring), slowed, very slow
A: no striking features
a: no special abilities


You were on level 7 of the Dungeon.
You were not hungry.

You visited 1 branch of the dungeon, and saw 7 of its levels.

You collected 153 gold pieces.

Inventory:

Hand Weapons
 a - a +0 trident (weapon)
 o - a +0 hand crossbow
Armour
 b - a +0 scale mail (worn)
 c - a +1 shield (worn)
 l - a +0 helmet (worn)
Wands
 p - a wand of acid (8)
Scrolls
 e - 2 scrolls of immolation
 j - a scroll of enchant armour
 m - a scroll of remove curse
Comestibles
 f - 7 rations
 s - a chunk of flesh


   Skills:
 + Level 5.3 Fighting
 + Level 5.5 Polearms
 + Level 4.6 Armour
 + Level 2.1 Dodging
 + Level 0.3 Stealth
 + Level 5.4 Shields


You had 6 spell levels left.
You didn't know any spells.
Your spell library contained the following spells:

 Spells                   Type           Power        Failure   Level  Hunger
 Magic Dart               Conj           #...         30%         1    ##.....
 Blink                    Tloc           N/A          41%         2    ###....
 Call Imp                 Summ           #.......     41%         2    ###....
 Slow                     Hex            #.......     41%         2    ###....
 Conjure Flame            Conj/Fire      #.......     61%         3    ####...
 Mephitic Cloud           Conj/Pois/Air  #.......     61%         3    ####...


Dungeon Overview and Level Annotations

Branches:
Dungeon (7/15)
 Temple: D:4-7

Altars:
Ashenzari
Elyvilon
Ru

Annotations:
D:5 Grinder
D:7 2 transporters, rubinsalamander's ghost, novice GrEE


Message History

It was a scroll of blinking.
* * * LOW HITPOINT WARNING * * *
You feel sick.
As you read the scroll labeled XYFUEMOOVI, it crumbles to dust.
You hear a loud clanging noise!
It was a scroll of noise.
You are starting to lose your buoyancy.
* * * LOW HITPOINT WARNING * * *
You feel sick.
You hear an angry buzzing noise. x4; You hear a shout!
You hear an angry growl.
You hear a howl!
You hear a shout! x2
A killer bee comes into view. x2
As you read the scroll labeled XISTRU TULU, it crumbles to dust.
The scroll dissolves into smoke.
It was a scroll of fog.
* * * LOW HITPOINT WARNING * * *
You feel sick.
A killer bee comes into view.
* * * LOW HITPOINT WARNING * * *
You feel sick.
You die...

## #....#####.
##.####..........
##...##.........y.
#.)...............
###...#....§.§.#....
#.....#..§§§§§y.....
#........§§yy§......
##..##..##§§§§.......
##.........@.......###
#...................#
#..................##.
##.###....##..........
#####....##..........
#....)###.........
##..#..............
#...##..............
#...........(.......


You could see 2 killer bees.

Vanquished Creatures
  An ice beast (D:7)
  An ogre (D:4)
  A bullfrog (D:4)
  A killer bee (D:7)
  A howler monkey (D:4)
  A crimson imp (D:7)
  2 hounds (D:4)
  A jelly (D:4)
  A centaur skeleton (D:4)
  2 orc wizards (D:4)
  3 worker ants
  4 adders
  A howler monkey skeleton (D:4)
  2 oozes
  An adder skeleton (D:4)
  2 worms
  A leopard gecko (D:4)
  5 orcs
  4 giant cockroaches
  2 hobgoblins (D:3)
  6 jackals
  4 kobolds
  7 quokkas
  4 bats
  4 frilled lizards
  2 goblins
  2 quokka skeletons (D:4)
  3 rats
69 creatures vanquished.

Vanquished Creatures (others)
  A giant cockroach (D:4)
  A plant (D:3)
2 creatures vanquished.

Grand Total: 71 creatures vanquished

Notes
Turn   | Place    | Note
-------+----------+-------------------------------------------
     0 | D:1      | P0NYSLAYSTATION the Hill Orc Fighter began the quest for
                  | the Orb.
     0 | D:1      | Reached XP level 1. HP: 19/19 MP: 1/1
   251 | D:1      | Reached XP level 2. HP: 19/27 MP: 2/2
   530 | D:2      | Reached XP level 3. HP: 17/33 MP: 3/3
   824 | D:3      | Found a shattered altar of Ashenzari.
   824 | D:3      | Found a sacrificial altar of Ru.
   975 | D:3      | Reached XP level 4. HP: 40/40 MP: 4/4
  1058 | D:4      | Reached XP level 5. HP: 44/47 MP: 5/5
  1328 | D:4      | Noticed an ogre
  1389 | D:4      | Killed an ogre
  1389 | D:4      | Reached skill level 1 in Dodging
  1389 | D:4      | Reached XP level 6. HP: 31/53 MP: 6/6
  1523 | D:4      | Found a white marble altar of Elyvilon.
  1780 | D:5      | Entered Level 5 of the Dungeon
  1857 | D:4      | Reached skill level 5 in Polearms
  1948 | D:4      | Reached skill level 5 in Fighting
  1948 | D:4      | Reached XP level 7. HP: 44/61 MP: 7/7
  2042 | D:5      | Noticed Grinder
  2058 | D:4      | Reached skill level 5 in Shields
  2807 | D:7      | Noticed rubinsalamander's ghost (novice GrEE)
  2811 | D:7      | Found a transporter.
  2831 | D:7      | Found a transporter.
  2913 | D:7      | HP: 3/61 [poisoned by a killer bee]
  2916 | D:7      | HP: 1/61 [poisoned by a killer bee]
  2917 | D:7      | Succumbed to a killer bee's poison

Levels and vault maps discovered:
D:1:      evilmike_arrival_run_for_it, layout_basic, hangedman_glass_teeth
D:2:      minmay_skewed_foursquare, layout_basic, lemuel_doored_altar
D:3:      layout_basic, gammafunk_temple_overflow_pools,
          hangedman_abyss_or_decor_stabs, chequers_big_river
D:4:      layout_basic, elyvilon_altar_4, kennysheep_opposing_triangles
D:5:      layout_layer_cave, first_ration, uniq_edmund, uniq_grinder
D:6:      layout_loops_ring, grunt_dithmenos_smoke_and_mirrors,
          minmay_temple_entry_sparse_star, serial_undead, serial_undead_c,
          serial_undead_f, serial_undead_b, serial_undead_f, basic_altar
D:7:      layout_cave_pools, lemuel_crystal_altar, gammafunk_ghost_stat_death,
          the_bakery

Skill      XL: |  1  2  3  4  5  6  7 |
---------------+----------------------+-----
Fighting       | 4 5 |  5.3
Polearms       | 3 4 5 |  5.5
Shields        | 4 5 |  5.4
Armour         | 4 |  4.6
Dodging        | 1 2 |  2.1
Stealth        | |  0.3

Action                   |  1- 3 |  4- 6 |  7- 9 || total
-------------------------+-------+-------+-------++-------
Melee: Trident           |    98 |   170 |   104 ||   372
  Use: Scroll            |     2 |     2 |     4 ||     8
       Potion            |       |     1 |    10 ||    11
  Eat: Chunk             |       |     4 |     3 ||     7
Armor: Scale mail        |    37 |    55 |    50 ||   142
       Skin              |       |    29 |       ||    29
Dodge: Dodged            |    30 |    47 |    26 ||   103
Block: Shield            |    40 |    69 |    67 ||   176

Table legend:
 A = Non-vault XP
 B = Vault XP
 C = Vault XP percentage of total XP
 D = Non-vault monster count
 E = Vault monster count
 F = Vault count percentage of total count
                 A         B        C        D         E       F
            +---------+---------+-------+---------+---------+-------
      Total |     981 |      36 |   3.5 |      61 |       8 |  11.6
            +---------+---------+-------+---------+---------+-------
        D:1 |      12 |       5 |  29.4 |       8 |       1 |  11.1
        D:2 |      18 |      23 |  56.1 |       4 |       4 |  50.0
        D:3 |      89 |       0 |   0.0 |      17 |       0 |   0.0
        D:4 |     624 |       8 |   1.3 |      28 |       3 |   9.7
        D:5 |       2 |       0 |   0.0 |       1 |       0 |   0.0
        D:7 |     236 |       0 |   0.0 |       3 |       0 |   0.0
            +---------+---------+-------+---------+---------+-------
